 Dungeon Crawl Stone Soup version 0.27-a0-1188-g73eefd5def (webtiles) character file.

Game seed: 7809896717216032203

11 Zonian the Charlatan (level 2, -3/28 HPs)
             Began as an Ogre Artificer on May 22, 2021.
             Slain by a kobold
             ... wielding a +0 short sword
              (4 damage)
             ... on level 1 of the Dungeon.
             The game lasted 00:02:12 (662 turns).

Zonian the Charlatan (Ogre Artificer)                Turns: 662, Time: 00:02:13

Health: -3/28      AC:  3    Str: 15    XL:     2   Next: 25%
Magic:  2/2        EV: 10    Int: 12    God:
Gold:   19         SH:  0    Dex:  9    Spells: 1/1 levels left

rFire    . . .     SeeInvis .   a - +0 club
rCold    . . .     Faith    .   (no shield)
rNeg     . . .     Spirit   .   b - +0 robe
rPois    .         Reflect  .   (helmet restricted)
rElec    .         Harm     .   (no cloak)
rCorr    .         Rampage  .   (gloves unavailable)
Will     .....                  (boots unavailable)
Stlth    +.........             (no amulet)
HPRegen  0.09/turn              (no ring)
MPRegen  0.08/turn              (no ring)

@: no status effects
A: large, unfitting armour, tough skin 1
a: no special abilities


You were on level 1 of the Dungeon.
You visited 1 branch of the dungeon, and saw 1 of its levels.

You collected 19 gold pieces.

Inventory:

Hand Weapons
 a - a +0 club (weapon)
Armour
 b - a +0 robe (worn)
 g - a +0 ring mail
Wands
 c - a wand of flame (15) (quivered)
 d - a wand of charming (15)
Scrolls
 f - 3 scrolls of teleportation {unknown}
 i - a scroll of magic mapping {unknown}
Potions
 h - a potion of curing {unknown}
Miscellaneous
 e - a piece from Xom's chessboard (14/15)


   Skills:
 + Level 1.6 Fighting
 + Level 0.2 Maces & Flails
 + Level 2.2 Dodging
 + Level 0.8 Stealth
 - Level 2.7 Evocations


You had one spell level left.
You didn't know any spells.
Your spell library was empty.

Dungeon Overview and Level Annotations

Branches:
Dungeon (1/15)

Altars:


Innate Abilities, Weirdness & Mutations

You are too large for most types of armour.
You have tough skin. (AC +1)


Message History

The goblin is heavily wounded.
The goblin shouts!
The goblin hits you with a +0 dagger. The kobold closely misses you.
You miss the goblin.
The goblin is heavily wounded.
The rat closely misses you. The goblin hits you with a +0 dagger.
The kobold hits you with a +0 short sword.
Unknown command.
You closely miss the goblin.
The goblin is heavily wounded.
The rat bites you. The goblin hits you with a +0 dagger.
The kobold hits you but does no damage. The rat bites you but does no damage.
You are too injured to fight recklessly!
You are too injured to fight recklessly!
Unknown command.
You hit the goblin.
The goblin is severely wounded.
The kobold barely misses you. The goblin hits you but does no damage.
The rat bites you but does no damage.
The kobold hits you with a +0 short sword.
* * * LOW HITPOINT WARNING * * *
Unknown command.
You make a move on Xom's chessboard...
The rat twists and deforms.
The goblin hits you but does no damage. The rat bites you.
* * * LOW HITPOINT WARNING * * *
The goblin hits you but does no damage. The kobold barely misses you.
Unknown command.
You closely miss the rat. The goblin barely misses you.
The rat closely misses you. The goblin closely misses you.
The kobold hits you with a +0 short sword.
* * * LOW HITPOINT WARNING * * *
You hit the goblin.
You kill the goblin!
The goblin misses you. The rat barely misses you.
The kobold hits you but does no damage.
You closely miss the goblin. The rat barely misses you.
The goblin hits you with a +0 dagger.
* * * LOW HITPOINT WARNING * * *
The kobold hits you with a +0 short sword.
You die...

.....................##.
......#..............#...
..........................
.........#................
........##........8..∩..♣..
.......#######.............
#.. ##............
#∩.r∩..8..... #.@g........
#.)K....... #♣..8..∩..
......... .........
....∩..∩.. ..........
...........


You could see a goblin, a kobold and a rat (misshapen).

Vanquished Creatures
  A ball python (D:1)
  An endoplasm (D:1)
  A giant cockroach (D:1)
  2 goblins (D:1)
  A hobgoblin (D:1)
  A bat (D:1)
  A kobold (D:1)
  2 rats (D:1)
10 creatures vanquished.

Notes
Turn   | Place    | Note
-------+----------+-------------------------------------------
     0 | D:1      | Zonian the Ogre Artificer began the quest for the Orb.
     0 | D:1      | Reached XP level 1. HP: 19/19 MP: 1/1
   478 | D:1      | Reached XP level 2. HP: 23/27 MP: 2/2
   662 | D:1      | HP: 1/28 [goblin/+0 dagger (2)]
   662 | D:1      | Slain by a kobold

Illustrated notes

Levels and vault maps discovered:
D:1:      grunt_arrival_crossed_arrows, layout_rooms,
          hellmonk_ecumenical_altar_arch_garden, minmay_pentomino_r2

Action                   || total
-------------------------++-------
Melee: Club              ||    54
Evoke: Piece from Xom's  ||     1
Armor: Robe              ||    22
Dodge: Dodged            ||    55

Table legend: (Time is in decaauts)
 A = Elapsed time spent in this place.
 B = Non-inter-level travel time spent in this place.
 C = Inter-level travel time spent in this place.
 D = Time resting spent in this place.
 E = Time spent auto-exploring this place.
 F = Levels seen in this place.
 G = Mean time per level.
                   A        B        C        D        E       F      G
               +--------+--------+--------+--------+--------+-----+--------+
         Total |    677 |    677 |      0 |    506 |     38 |   1 |  677.0 |
       Dungeon |    677 |    677 |      0 |    506 |     38 |   1 |  677.0 |
               +--------+--------+--------+--------+--------+-----+--------+

Top non-repeatable levels by time:
     D:1: 677 daAuts
